 Dungeon Crawl Stone Soup version 0.19-a0-1821-g42c593c (webtiles) character file.

464 Ijustatesigmund the Sneak (level 6, 0/30 HPs)
             Began as a Spriggan Assassin on Oct 6, 2016.
             Killed from afar by a hobgoblin (4 damage)
             ... with a wand of flame
             ... on level 4 of the Dungeon.
             The game lasted 00:10:46 (3669 turns).

Ijustatesigmund the Sneak (Spriggan Assassin)       Turns: 3669, Time: 00:10:47

Health: 0/30       AC:  4    Str:  7    XL:     6   Next: 80%
Magic:  7/7        EV: 21    Int: 12    God:
Gold:   175        SH:  0    Dex: 20    Spells: 0 memorised, 5 levels left

rFire  . . .     SeeInvis +     a - +3 dagger
rCold  + . .     Gourm    .     c - +0 robe
rNeg   . . .     Faith    .     (shield restricted)
rPois  +         Spirit   .     (helmet restricted)
rElec  .         Dismiss  .     d - +1 cloak
rCorr  .         Reflect  .     (gloves unavailable)
MR     +....     Harm     .     (boots unavailable)
Stlth  ++++......               (no amulet)
                                m - ring of poison resistance
                                i - ring of protection from cold

@: very quick
A: unfitting armour, see invisible, herbivore 3, speed 3, slow metabolism 2
a: no special abilities


You were on level 4 of the Dungeon.
You were hungry.

You visited 1 branch of the dungeon, and saw 4 of its levels.

You collected 175 gold pieces.

Inventory:

Hand Weapons
 a - a +3 dagger (weapon)
 b - a +0 blowgun
Missiles
 e - 7 poisoned needles
 f - 2 curare-tipped needles
Armour
 c - a +0 robe (worn)
 d - a +1 cloak (worn)
Jewellery
 i - a ring of protection from cold (left hand)
 m - a ring of poison resistance (right hand)
Scrolls
 h - 2 scrolls of identify
 l - a scroll of fear
 q - 3 scrolls of enchant weapon
 s - a scroll of recharging
 t - a scroll of amnesia
Potions
 k - 2 potions of curing
 n - a potion of magic
Comestibles
 g - 3 bread rations
 p - a slice of pizza


   Skills:
 - Level 1.5 Fighting
 - Level 5.2 Short Blades
 + Level 3.9 Throwing
 - Level 4.7 Dodging
 - Level 7.5 Stealth


You had 5 spell levels left.
You didn't know any spells.

Dungeon Overview and Level Annotations

Branches:
Dungeon (4/15)
 Temple: D:4-7

Altars:
Fedhas
Hepliaklqana
Sif Muna
Vehumet

Annotations:
D:3 Duskembrace's ghost, amateur HaMo


Innate Abilities, Weirdness & Mutations

You are very small and have problems with some larger weapons.
You are too small for most types of armour.
You have supernaturally acute eyesight. (SInv)
You are a herbivore.
You cover ground extremely quickly.
You need consume almost no food.


Message History

You hit the hound.
You kill the hound!
You hit the giant cockroach.
The giant cockroach is moderately wounded.
The giant cockroach misses you.
You hit the giant cockroach.
You kill the giant cockroach!
The hobgoblin completely misses you.
You see here a hound corpse.
You completely miss the hobgoblin.
The hobgoblin zaps a wand.
The puff of flame hits you!
* * * LOW HITPOINT WARNING * * *
You are too injured to fight recklessly!
You are too injured to fight recklessly!
You are too injured to fight recklessly!
You are too injured to fight recklessly!
You are too injured to fight recklessly!
You are too injured to fight recklessly!
The hobgoblin zaps a wand.
The puff of flame hits you!
You die...

.# #.............#***,*,,,**,* .#
#........##†#.# #.****##.#** .#
#####'#####.#.####...,,...,,, .#
#.##.##.g........,,...,,, .####
#.##.##..#####..###.#.##.
....#####........#####..#...#.##.
.................................
..........#####...............#..
.......#..##.###@######.#.#.###..
....##.#..##.....................
#.........................#####..
..............##.####.#..........
#..#...#..............#.###.....#
.......#..###.#..####.#.#.'.....#
#.#.......# #.#..# #.#.#.#....##
#.#....#..###.#..####.#.#.#....#.
#.#....#...........##.#.#.#....#.


You could see a hobgoblin.

Vanquished Creatures
  An ogre (D:4)
  A scorpion (D:4)
  A hound (D:4)
  An orc wizard (D:3)
  Terence (D:2)
  An iguana (D:4)
  A worker ant (D:4)
  Natasha (D:2)
  5 gnolls
  Robin (D:2)
  4 adders
  A worm (D:2)
  2 leopard geckos
  4 orcs
  6 bats
  3 giant cockroaches
  7 hobgoblins
  7 jackals (D:1)
  3 quokkas
  2 ball pythons
  2 frilled lizards
  14 goblins
  5 kobolds
  8 rats
82 creatures vanquished.

Notes
Turn   | Place    | Note
-------+----------+-------------------------------------------
     0 | D:1      | Ijustatesigmund the Spriggan Assassin began the quest for the Orb.
     0 | D:1      | Reached XP level 1. HP: 10/10 MP: 2/2
    25 | D:1      | Reached skill level 6 in Stealth
    25 | D:1      | Reached XP level 2. HP: 14/14 MP: 3/3
   391 | D:1      | Reached XP level 3. HP: 18/18 MP: 4/4
   413 | D:2      | Noticed Robin
  1743 | D:2      | Noticed Terence
  1770 | D:2      | Killed Terence
  1770 | D:2      | Reached XP level 4. HP: 22/22 MP: 5/5
  1910 | D:2      | Found a hazy altar of Hepliaklqana.
  1939 | D:2      | Noticed Natasha
  1940 | D:2      | Killed Natasha
  1940 | D:2      | Reached skill level 7 in Stealth
  2253 | D:2      | Killed Robin
  2305 | D:2      | Reached XP level 5. HP: 23/25 MP: 6/6
  2334 | D:2      | Found a blossoming altar of Fedhas.
  2337 | D:2      | Reached skill level 5 in Short Blades
  2349 | D:2      | Found a deep blue altar of Sif Muna.
  2387 | D:2      | Found a deep blue altar of Sif Muna.
  2989 | D:3      | Noticed Duskembrace's ghost (amateur HaMo)
  3182 | D:4      | Reached XP level 6. HP: 30/30 MP: 7/7
  3627 | D:4      | Found a radiant altar of Vehumet.
  3669 | D:4      | Killed from afar by a hobgoblin

Vault maps used:
D:1:      sevenhm_arrival_forest_fort_small_4
D:2:      amethyst_overflow_temple_binary, nicolae_overflow_crystal_walls,
          minmay_misc_feat_more_columns, lemuel_blue_sif_altar, uniq_robin,
          uniq_natasha, uniq_terence
D:3:      first_bread, tgw_trog
D:4:      vehumet_altar_wand_db

Skill      XL: |  1  2  3  4  5  6 |
---------------+-------------------+-----
Stealth        | 6 7 |  7.5
Short Blades   | 3 4 5 |  5.2
Dodging        | 4 |  4.7
Throwing       | 3 |  3.9
Fighting       | |  1.5

Action                   |  1- 3 |  4- 6 || total
-------------------------+-------+-------++-------
Melee: Dagger            |   127 |   155 ||   282
 Fire: Blowgun           |    19 |    10 ||    29
  Use: Scroll            |     3 |     8 ||    11
       Potion            |       |     2 ||     2
 Stab: Sleeping          |    11 |    17 ||    28
       Distracted        |     1 |     1 ||     2
Armor: Robe              |    22 |    11 ||    33
Dodge: Dodged            |    82 |   130 ||   212
